Map: Acid Plant LE

Players

huaso - Winner!

  • Race: Zerg Zerg
  • League: Platinum
  • Spawn Location: 11:00

Tiberius

  • Race: Protoss Protoss
  • League: Platinum
  • Spawn Location: 5:00

VOD

Have the link to the VOD?

Description

Time

  • Played on: March 11, 2018, 10:49 a.m.
  • Length: 11:37
Show
View Real Time Build Order
Export as new Build Order

huaso Zerg - Winner!

Build Orders: Pool First, Lurkers 

Get SALT Encoding   

  12  0:07  Drone  
  13  0:08  Drone  
  14  0:22  Extractor  
  14  0:23  Drone, Extractor  
  14  0:24  Drone  
  16  0:30  Overlord  
  16  0:44  Spawning Pool  
  15  0:51  Drone  
  15  0:54  Drone  
  17  1:21  Hatchery  
  16  1:26  Extractor  
  16  1:31  Zergling x6  
  18  1:38  Queen  
  20  1:44  Overlord  
  20  1:57  Drone  
  21  2:04  Drone  
  22  2:18  Queen  
  22  2:19  Drone  
  24  2:47  Zergling x10  
  29  3:06  Zergling x8  
  31  3:14  Metabolic Boost  
  31  3:17  Extractor  
  31  3:18  Drone x3  
  33  3:38  Drone x3, Evolution Chamber  
  35  3:41  Overlord  
  35  3:48  Roach Warren, Queen  
  35  3:50  Overlord  
  36  4:06  Overlord  
  36  4:07  Drone x2  
  36  4:08  Drone x2  
  40  4:10  Drone  
  41  4:23  Drone  
  42  4:29  Roach x2  
  42  4:30  Roach  
  48  4:41  Roach  
  48  4:44  Drone  
  51  4:49  Zergling x8  
  51  5:20  Roach x2  
  51  5:21  Roach x3  
  58  5:34  Drone  
  58  5:35  Drone x2  
  60  5:36  Overlord  
  60  5:42  Lair  
  60  5:46  Zerg Melee Weapons Level 1  
  60  6:01  Drone x2  
  62  6:04  Hatchery  
  61  6:14  Baneling Nest, Drone x3  
  61  6:17  Spore Crawler  
  61  6:18  Spore Crawler  
  61  6:20  Extractor  
  60  6:26  Drone x2  
  62  6:37  Drone x3  
  62  6:38  Drone x2  
  67  6:40  Extractor, Queen  
  68  6:48  Glial Reconstitution  
  68  6:49  Hydralisk Den  
  68  6:53  Evolution Chamber  
  66  6:59  Baneling x2  
  66  7:16  Pneumatized Carapace  
  66  7:20  Muscular Augments  
  66  7:21  Hydralisk x2  
  70  7:28  Drone x2  
  72  7:37  Roach  
  73  8:06  Drone  
  73  8:08  Overlord x3  
  73  8:12  Overlord x2  
  74  8:27  Lurker Den  
  74  8:28  Zerg Missile Weapons Level 1  
  74  8:31  Zerg Ground Armor Level 1  
  74  8:32  Grooved Spines  
  73  8:37  Hydralisk x2  
  73  8:38  Hydralisk x4  
  85  8:42  Overseer  
  85  8:46  Overseer  
  85  8:51  Roach x2  
  85  8:55  Drone x4  
  93  8:57  Extractor, Drone  
  93  8:58  Drone x5, Extractor  
  97  9:15  Roach x5  
  97  9:16  Roach x2  
  111  9:26  Drone x3  
  114  9:38  Overlord  
  114  9:39  Overlord x3  
  102  9:56  Roach x5  
  102  9:57  Roach  
  114  10:06  Hydralisk x3  
  120  10:24  Lurker x4  
  120  10:25  Lurker  
  125  10:31  Hydralisk x4  
  133  10:40  Drone x3  
  133  10:41  Drone x3  
Show
View Real Time Build Order
Export as new Build Order

Tiberius Protoss 

Build Orders: 1 Gate Expand 

Get SALT Encoding   

  12  0:01  Probe  
  13  0:13  Probe  
  14  0:20  Pylon  
  14  0:25  Probe  
  15  0:38  Gateway  
  15  0:39  Probe (Chrono Boost)  
  16  0:49  Probe (Chrono Boost)  
  17  0:54  Probe (Chrono Boost), Assimilator  
  18  1:05  Probe  
  19  1:28  Nexus  
  20  1:40  Probe  
  20  1:44  Zealot (Chrono Boost)  
  20  1:45  Cybernetics Core  
  22  1:56  Probe  
  22  1:58  Pylon  
  23  2:12  Gateway  
  23  2:16  Probe  
  23  2:18  Assimilator  
  24  2:28  Probe  
  25  2:31  Adept (Chrono Boost)  
  25  2:46  Probe  
  25  2:49  Warp Gate  
  26  3:05  Pylon  
  26  3:08  Pylon  
  26  3:15  Probe x2  
  28  3:24  Twilight Council  
  28  3:26  Adept (Chrono Boost)  
  28  3:27  Probe  
  28  3:33  Probe  
  32  3:43  Probe  
  32  3:48  Probe  
  34  3:58  Charge (Chrono Boost)  
  33  4:03  Robotics Facility  
  33  4:13  Probe (Chrono Boost)  
  33  4:15  Probe (Chrono Boost), Pylon  
  37  4:24  Probe (Chrono Boost)  
  37  4:25  Probe (Chrono Boost)  
  37  4:29  Probe (Chrono Boost)  
  38  4:35  Gateway  
  38  4:36  Gateway  
  38  4:38  Gateway  
  38  4:40  Gateway  
  38  4:41  Probe  
  38  4:43  Probe  
  40  4:50  Immortal (Chrono Boost)  
  19  5:19  Adept x2  
  17  5:35  Probe x2  
  19  5:48  Probe (Chrono Boost)  
  21  5:50  Probe (Chrono Boost)  
  21  6:01  Probe (Chrono Boost)  
  21  6:02  Probe (Chrono Boost)  
  23  6:08  Probe x2 (Chrono Boost)  
  25  6:18  Adept  
  27  6:26  Probe (Chrono Boost)  
  27  6:30  Probe (Chrono Boost)  
  29  6:37  Probe (Chrono Boost)  
  31  6:41  Probe (Chrono Boost)  
  31  6:42  Probe (Chrono Boost)  
  32  6:50  Probe  
  32  6:53  Probe (Chrono Boost)  
  34  7:02  Probe (Chrono Boost)  
  36  7:10  Probe (Chrono Boost)  
  36  7:11  Probe (Chrono Boost)  
  36  7:15  Gateway  
  37  7:16  Probe x2 (Chrono Boost)  
  37  7:18  Gateway  
  39  7:28  Probe  
  40  7:30  Probe  
  40  7:36  Pylon x2  
  41  7:45  Zealot x4  
  41  7:50  Warp Prism (Chrono Boost)  
  51  8:14  Gateway  
  51  8:17  Pylon  
  51  8:20  Gateway  
  51  8:33  Probe  
  52  8:40  Gateway  
  52  8:42  Gateway  
  52  8:44  Zealot x3, Gateway x2  
  52  8:45  Zealot x2  
  62  8:55  Zealot x3  
  68  9:17  Zealot x6  
  80  9:31  Zealot x2  
  84  9:39  Pylon  
  84  9:40  Pylon  
  66  9:55  Zealot  
  66  9:56  Zealot x4  
  66  9:57  Zealot x2  
  78  10:06  Warp Prism (Chrono Boost)  
  76  10:16  Zealot  
  76  10:17  Zealot x3  
  84  10:43  Zealot x5  
  84  10:44  Zealot x3  
  100  10:56  Observer (Chrono Boost)  
  69  11:03  Zealot x5  
  43  11:22  Zealot x5  
Tags
 
Add a new tag
Caveats
  • Supply blocks, unpowered buildings, or Contaminate may cause inaccurate times.
  • Supply counts are checked every 10 seconds.